 Dungeon Crawl Stone Soup version 0.24-a0-530-g18ba70b5 (webtiles) character file.

Game seed: 15278925996161674338

41855 DrEnzyme the Carver (level 13, -4/107 HPs)
             Began as a Demigod Wanderer on Aug 6, 2019.
             Slain by a five-headed hydra (8 damage)
             ... on level 1 of the Swamp on Aug 7, 2019.
             The game lasted 01:25:28 (23355 turns).

DrEnzyme the Carver (Demigod Wanderer)             Turns: 23355, Time: 01:25:29

Health: -4/107     AC: 19    Str: 24    XL:     13   Next: 46%
Magic:  0/22       EV: 11    Int: 17    God:
Gold:   889        SH:  0    Dex: 13    Spells: 10/12 levels left

rFire    . . .     SeeInvis .   Q - +6 falchion (freeze)
rCold    + . .     Gourm    .   (no shield)
rNeg     . . .     Faith    .   G - +0 chain mail
rPois    .         Spirit   +   Z - +1 hat
rElec    .         Reflect  .   (no cloak)
rCorr    .         Harm     .   e - +2 pair of gloves
MR       +....                  S - +2 pair of boots
Stlth    ..........             z - amulet of guardian spirit
HPRegen  0.27/turn              h - ring of Nofezuto {Wiz rC+}
MPRegen  0.18/turn              u - +3 ring of slaying

@: about to teleport, very slightly contaminated, slowed, very slow
A: high mp 1
a: no special abilities


You were on level 1 of the Swamp.
You were near starving.

You visited 4 branches of the dungeon, and saw 20 of its levels.
You also visited: Ice Cave.

You collected 1264 gold pieces.
You spent 375 gold pieces at shops.

Inventory:

Hand Weapons
 D - a +4 great sword of freezing
 P - a +5 great sword
 Q - a +6 falchion of freezing (weapon)
Missiles
 b - 5 throwing nets
 m - 60 poisoned darts (quivered)
Armour
 e - a +2 pair of gloves (worn)
 y - a +0 large shield
 G - a +0 chain mail (worn)
 S - a +2 pair of boots (worn)
 Z - a +1 hat (worn)
Jewellery
 h - the ring of Nofezuto (left hand) {Wiz rC+}
   (You found it on level 3 of the Lair of Beasts)

   [ring of wizardry]

   It improves your spell success rate.
   It protects you from cold.
 j - an uncursed ring of poison resistance
 n - an uncursed ring of protection from fire
 u - a +3 ring of slaying (right hand)
 z - an amulet of guardian spirit (around neck)
 A - a +4 ring of intelligence
 E - an uncursed amulet of regeneration {unknown}
 H - a +4 amulet of reflection {unknown}
 J - a cursed amulet of inaccuracy {unknown}
 N - an uncursed amulet of faith {unknown}
 O - a cursed amulet of inaccuracy {unknown}
 R - an uncursed ring of magical power
Wands
 a - a wand of flame (22)
 d - a wand of polymorph (13)
 p - a wand of random effects (13)
 I - a wand of digging (2)
 V - a wand of disintegration (2)
Scrolls
 g - 2 scrolls of amnesia
 k - 4 scrolls of immolation
 l - 2 scrolls of teleportation
 s - 14 scrolls of remove curse
 t - a scroll of magic mapping
 x - 4 scrolls of fog
 B - 5 scrolls of fear
 T - a scroll of blinking
Potions
 c - 4 potions of curing
 r - 2 potions of cancellation
 w - a potion of brilliance
 C - a potion of berserk rage
 K - 3 potions of ambrosia
 L - 3 potions of lignification
 U - 2 potions of magic
 W - a potion of haste {unknown}
 X - 2 potions of resistance
Comestibles
 f - 31 rations


   Skills:
 + Level 7.9 Fighting
   Level 5.1(10.4) Short Blades
 * Level 13.7(14.0) Long Blades
   Level 1.7 Crossbows
 + Level 4.6 Throwing
 + Level 9.5 Armour
 + Level 4.7 Dodging
 + Level 5.7 Stealth
 * Level 7.9 Evocations


You had 10 spell levels left.
You knew the following spells:

 Your Spells              Type           Power        Failure   Level  Hunger
a - Apportation           Tloc           #.....       43%         1    ##.....
b - Summon Butterflies    Summ           #.......     43%         1    ##.....

Your spell library contained the following spells:

 Spells                   Type           Power        Failure   Level  Hunger
 Animate Skeleton         Necr           N/A          43%         1    ##.....
 Corona                   Hex            #......      43%         1    ##.....
 Flame Tongue             Conj/Fire      #....        43%         1    ##.....
 Pain                     Necr           #...         43%         1    ##.....
 Ensorcelled Hibernation  Hex/Ice        #.....       56%         2    ###....
 Slow                     Hex            #.......     56%         2    ###....
 Throw Flame              Conj/Fire      #.....       56%         2    ###....
 Throw Frost              Conj/Ice       #.....       56%         2    ###....
 Call Canine Familiar     Summ           #.......     80%         3    ####...
 Confuse                  Hex            #.......     80%         3    ####...
 Conjure Flame            Conj/Fire      #.......     80%         3    ####...
 Dazzling Spray           Conj/Hex       #.....       80%         3    ####...
 Gell's Gravitas          Tloc           #.........   80%         3    ####...
 Inner Flame              Hex/Fire       #.......     80%         3    ####...
 Lesser Beckoning         Tloc           #.........   80%         3    ####...
 Portal Projectile        Hex/Tloc       #.....       80%         3    ####...
 Regeneration             Chrm/Necr      #.........   80%         3    ####...
 Tukima's Dance           Hex            #.......     80%         3    ####...
 Vampiric Draining        Necr           #.........   80%         3    ####...
 Animate Dead             Necr           N/A          99%         4    #####..
 Cause Fear               Hex            #.........   99%         4    #####..
 Leda's Liquefaction      Hex/Erth       #.........   99%         4    #####..
 Sticky Flame             Conj/Fire      #.......     99%         4    #####..
 Summon Ice Beast         Ice/Summ       #.......     99%         4    #####..
 Summon Lightning Spire   Summ/Air       #.......     99%         4    #####..
 Alistair's Intoxication  Tmut/Pois      #.......     100%        5    ######.
 Fireball                 Conj/Fire      #.........   100%        5    ######.
 Silence                  Hex/Air        #.........   100%        5    ######.
 Summon Mana Viper        Hex/Summ       #.......     100%        5    ######.
 Conjure Ball Lightning   Conj/Air       #.........   100%        6    #######
 Deflect Missiles         Chrm/Air       #.........   100%        6    #######
 Invisibility             Hex            #.......     100%        6    #######
 Summon Hydra             Summ           #.........   100%        7    #######
 Disjunction              Tloc           #.........   100%        8    #######
 Tornado                  Air            #.........   100%        9    #######


Dungeon Overview and Level Annotations

Branches:
Dungeon (12/15)            Temple (0/1) D:4            Lair (6/6) D:8
  Swamp (1/4) Lair:3        Snake (0/4) Lair:2        Slime (0/5) Lair:5
    Orc (1/2) D:9

Shops:
D:7 *

Annotations:
D:2 1 runed translucent door, Crazy Yiuf
D:3 exclusion: downstairs
D:4 exclusion: 2 killer bees
D:5 2 transporters, dvidal's ghost, amateur MiBe
D:8 exclusion: downstairs
D:10 exclusion: downstairs


Innate Abilities, Weirdness & Mutations

You have an increased reservoir of magic. (+10% MP)


Message History

A bog body comes into view.
The five-headed hydra barely misses you.
The five-headed hydra misses you.
The five-headed hydra bites you but does no damage.
The five-headed hydra bites you.
* * * LOW HITPOINT WARNING * * *
The five-headed hydra bites you but does no damage.
Found an escape hatch in the floor.
As you read the scroll of teleportation, it crumbles to dust.
You feel strangely unstable.
The bog body gestures at you while chanting.
The bolt of cold hits you! You resist.
* * * LOW HITPOINT WARNING * * *
The five-headed hydra bites you but does no damage.
The five-headed hydra bites you!
* * * LOW HITPOINT WARNING * * *
The five-headed hydra bites you.
* * * LOW HITPOINT WARNING * * *
The five-headed hydra bites you!
You die...

,,,,,,,≈≈,≈≈,,****,,≈,,.≈≈..♣*
,**,≈≈≈≈≈≈≈≈..≈**..≈≈,≈≈≈≈♣..♣*
,**,≈,≈≈≈≈≈§...**..,,,*≈≈.≈§..♣♣
,,,,≈≈,,,..≈...,*n♣♣♣,..≈≈≈..≈≈♣♣
*,,≈*,≈,,≈≈≈≈..♣*...♣.....≈≈≈≈<.♣
..≈≈≈.≈≈,.≈≈..≈.♣.....≈.♣.§≈≈†.≈≈
.≈.≈≈>≈.,≈≈.♣≈≈..≈...≈≈≈≈.≈§≈..♣≈
.≈≈...§≈,≈♣...≈D.≈≈...≈≈≈≈......≈
≈≈≈≈≈≈≈≈,.......@≈.......≈♣♣♣.♣.^
.≈♣...≈§≈≈≈....≈♣§......♣,**♣♣♣♣.
.≈≈.≈≈≈≈,≈>.≈≈.≈,♣≈≈...≈**,* ♣.
..≈.≈.≈≈≈≈≈≈≈.♣♣,,♣.≈≈♣.**≈* ♣♣
.≈≈.♣.≈≈≈≈....***,*♣.≈≈≈,,≈* ♣
.≈≈.≈≈≈≈,.♣≈.** **,*≈≈≈≈≈≈,** **♣
≈≈♣.....,.≈.,* *,≈≈...≈≈,,**♣.≈
§≈♣.♣.♣≈≈.≈.** **,≈≈≈≈*≈*,,...♣
≈.......≈,≈,* *,≈≈,≈≈≈≈≈≈♣.♣≈


You could see a five-headed hydra and a bog body.

Vanquished Creatures
  5 hydras
  Erolcha (D:10)
  An ice dragon (Lair:4)
  A two-headed ogre (D:12)
  Nergalle (Lair:4)
  2 ugly things (D:11)
  A cyclops (D:9)
  A deep elf mage (D:12)
  4 elephants (Lair:6)
  6 black mambas
  A torpor snail (Lair:2)
  7 spiny frogs
  2 rime drakes
  10 komodo dragons
  2 centaur skeletons
  A freezing wraith (IceCv)
  A troll (D:11)
  Prince Ribbit (Lair:3)
  3 tyrant leeches (Lair:2)
  5 dream sheep
  A bog body (Swamp:1)
  2 slime creatures (D:11)
  25 blink frogs
  12 hippogriffs
  3 polar bears (Lair:6)
  3 wyverns (D:11)
  17 yaks
  A shadow (D:9)
  A hungry ghost (D:10)
  A basilisk (shapeshifter) (D:11)
  5 basilisks
  3 nagas (Lair:2)
  6 swamp worms (Lair:2)
  A warg (D:9)
  22 water moccasins
  5 porcupines
  2 ice beasts
  3 black bears
  A swamp drake (Lair:3)
  4 orc warriors (D:9)
  An eye of draining (D:11)
  A sky beast (D:10)
  A phantom (D:5)
  5 ogres
  A necrophage (D:5)
  15 wolves
  A centaur (D:10)
  13 crocodiles
  2 big kobolds
  9 bullfrogs
  A wyvern zombie (D:11)
  A wyvern skeleton (D:7)
  6 killer bees
  12 wights
  2 howler monkeys (D:9)
  An electric eel (Lair:3)
  3 crimson imps
  A bullfrog zombie (D:6)
  4 hounds
  A jelly (D:11)
  5 orc priests
  5 orc wizards
  A gnoll shaman (D:6)
  4 iguanas
  3 worker ants
  A centaur simulacrum (IceCv)
  A hound zombie (D:8)
  A hound skeleton (D:11)
  A howler monkey zombie (D:11)
  14 gnolls
  11 adders
  3 shadow imps
  3 white imps (Lair:4)
  3 oozes
  An adder zombie (D:6)
  3 worms
  2 dart slugs (D:2)
  6 leopard geckos
  38 orcs
  A giant cockroach (D:7)
  11 goblins
  2 hobgoblins (D:3)
  14 jackals
  3 ball pythons
  8 bats
  2 frilled lizards
  A jackal skeleton (D:4)
  A jackal zombie (D:6)
  17 kobolds
  9 rats
  A plant (Lair:3)
431 creatures vanquished.

Vanquished Creatures (others)
  8 fungi (Lair:6)
  8 plants
16 creatures vanquished.

Grand Total: 447 creatures vanquished

Notes
Turn   | Place    | Note
-------+----------+-------------------------------------------
     0 | D:1      | DrEnzyme the Demigod Wanderer began the quest for the Orb.
     0 | D:1      | DrEnzyme set off with the following items: a +0 club, 4
                  | throwing nets, a potion of curing, a potion of
                  | lignification, a +0 leather armour, a ration, a +0 dagger
     0 | D:1      | Reached XP level 1. HP: 17/17 MP: 3/3
   512 | D:1      | Reached XP level 2. HP: 24/24 MP: 5/5
  1150 | D:2      | Reached XP level 3. HP: 26/29 MP: 6/6
  1164 | D:2      | Found an opulent altar of Gozag.
  1412 | D:2      | Found a bloodstained altar of Trog.
  2001 | D:2      | Reached skill level 1 in Short Blades
  2064 | D:2      | Found a runed translucent door.
  2065 | D:2      | Noticed Crazy Yiuf
  2418 | D:2      | Reached XP level 4. HP: 37/37 MP: 7/7
  2976 | D:3      | Reached skill level 1 in Throwing
  3046 | D:3      | Found a radiant altar of Vehumet.
  3402 | D:4      | Noticed a phantom
  3515 | D:4      | Noticed a bullfrog
  3517 | D:4      | Killed a bullfrog
  3517 | D:4      | Reached XP level 5. HP: 42/42 MP: 8/8
  3783 | D:4      | Found a staircase to the Ecumenical Temple.
  4160 | D:5      | Entered Level 5 of the Dungeon
  4196 | D:4      | Found a deep blue altar of Sif Muna.
  4298 | D:5      | Noticed a necrophage
  4324 | D:5      | Killed a necrophage
  4324 | D:5      | Reached XP level 6. HP: 50/50 MP: 9/9
  4609 | D:5      | You fall into a shaft and drop 2 floors!
  4609 | D:7      | Found Daawk's Assorted Antiques.
  4736 | D:7      | Noticed a hippogriff
  4754 | D:7      | Killed a hippogriff
  4754 | D:7      | Reached XP level 7. HP: 15/57 MP: 3/10
  4993 | D:7      | Noticed a hog
  4993 | D:7      | Noticed a human
  4993 | D:7      | Noticed a hog
  4993 | D:7      | Noticed a hog
  5015 | D:7      | Found a glowing silver altar of Zin.
  5015 | D:7      | Found a sparkling altar of Nemelex Xobeh.
  5975 | D:5      | Found a transporter.
  5975 | D:5      | Found a transporter.
  5985 | D:5      | Identified the ring "Kiwk" {rPois Dex+4 SInv}
  6032 | D:5      | Noticed dvidal's ghost (amateur MiBe)
  6545 | D:6      | Found a sparkling altar of Nemelex Xobeh.
  6845 | D:6      | Found a shimmering altar of Xom.
  6886 | D:6      | Reached XP level 8. HP: 63/63 MP: 11/11
  7372 | D:7      | Reached skill level 5 in Short Blades
  7407 | D:7      | Bought a scroll labeled UTOARGHU VAXZA for 30 gold pieces
  7407 | D:7      | Bought a scroll of identify for 60 gold pieces
  7407 | D:7      | Bought a pair of embroidered boots for 225 gold pieces
  7407 | D:7      | Bought a scroll of identify for 60 gold pieces
  7602 | D:7      | Found an ornate altar of the Wu Jian Council.
  7749 | D:7      | Reached skill level 1 in Long Blades
  7817 | D:8      | Found a staircase to the Lair.
  7841 | D:8      | Reached skill level 2 in Long Blades
  7841 | D:8      | Reached skill level 5 in Stealth
  8120 | D:8      | Reached skill level 3 in Long Blades
  8210 | D:8      | Reached XP level 9. HP: 71/71 MP: 13/13
  8254 | D:8      | Reached skill level 5 in Armour
  8311 | D:8      | Found an ancient bone altar of Kikubaaqudgha.
  8338 | D:8      | Reached skill level 4 in Long Blades
  8911 | D:9      | Reached skill level 5 in Long Blades
  9224 | D:9      | Reached skill level 6 in Long Blades
  9300 | D:9      | Found a staircase to the Orcish Mines.
  9431 | D:9      | Noticed a cyclops
  9653 | D:9      | Found a shadowy altar of Dithmenos.
  9794 | D:9      | Found a glowing golden altar of the Shining One.
  9794 | D:9      | Found an iron altar of Okawaru.
  9810 | D:9      | Found a snail-covered altar of Cheibriados.
  9813 | D:9      | Found a bloodstained altar of Trog.
  9888 | D:10     | Entered Level 10 of the Dungeon
  9951 | D:10     | Reached XP level 10. HP: 73/80 MP: 12/15
 10076 | D:10     | Reached skill level 5 in Fighting
 10098 | D:10     | Reached skill level 7 in Long Blades
 10815 | D:10     | Noticed Erolcha
 10825 | D:10     | Killed Erolcha
 10825 | D:10     | Reached skill level 8 in Long Blades
 11581 | D:11     | Noticed a red ugly thing
 11660 | D:11     | Noticed a cyan ugly thing
 11826 | Lair:1   | Entered Level 1 of the Lair of Beasts
 11861 | Lair:1   | Reached skill level 9 in Long Blades
 12170 | Lair:1   | Reached XP level 11. HP: 88/88 MP: 18/18
 13179 | Lair:2   | Reached skill level 5 in Evocations
 13210 | Lair:2   | Reached skill level 10 in Long Blades
 13806 | Lair:2   | Found a staircase to the Snake Pit.
 14171 | Lair:3   | Identified a scroll of acquirement
 14225 | Lair:3   | Noticed Prince Ribbit
 14249 | Lair:3   | Killed Prince Ribbit
 14614 | Lair:3   | Found a staircase to the Swamp.
 14692 | Lair:3   | Got a clouded pewter ring
 14696 | Lair:3   | Identified the ring of Nofezuto {Wiz rC+} (You found it on
                  | level 3 of the Lair of Beasts)
 14799 | Lair:4   | Reached skill level 11 in Long Blades
 15156 | Lair:4   | Noticed Nergalle
 15188 | Lair:4   | Killed Nergalle
 15197 | Lair:4   | Reached XP level 12. HP: 77/97 MP: 18/20
 15670 | Lair:4   | Noticed an eight-headed hydra
 15715 | Lair:4   | Noticed a six-headed hydra
 15720 | Lair:4   | Killed a six-headed hydra
 15822 | Lair:4   | Killed an eight-headed hydra
 15822 | Lair:4   | Reached skill level 12 in Long Blades
 16634 | Lair:5   | Found a staircase to the Slime Pits.
 16634 | Lair:5   | Found a viscous altar of Jiyva.
 17037 | Lair:6   | Entered Level 6 of the Lair of Beasts
 17310 | Lair:6   | Noticed an eight-headed hydra
 17319 | Lair:6   | Killed a ten-headed hydra
 17974 | Lair:6   | Noticed a six-headed hydra
 17999 | Lair:6   | Noticed a four-headed hydra
 18177 | Lair:6   | Reached skill level 13 in Long Blades
 18274 | Lair:6   | Noticed a four-headed hydra
 18280 | Lair:6   | Killed a four-headed hydra
 18280 | Lair:6   | Reached XP level 13. HP: 102/105 MP: 22/22
 18781 | Lair:6   | Learned a level 1 spell: Apportation
 18783 | Lair:6   | Learned a level 1 spell: Summon Butterflies
 21539 | Orc:1    | Entered Level 1 of the Orcish Mines
 21610 | Orc:1    | Noticed an orc warlord
 21876 | Lair:2   | Identified the Collected Works on Frigorific Displacement
 22947 | Swamp:1  | Entered Level 1 of the Swamp
 23294 | Swamp:1  | Found a frozen archway.
 23298 | IceCv    | Entered an ice cave
 23355 | Swamp:1  | HP: 5/107 [five-headed hydra (8)]
 23355 | Swamp:1  | Slain by a five-headed hydra

Levels and vault maps discovered:
D:1:      tarquinn_simple_flora_water_d, layout_basic, minmay_pentomino_s2
D:2:      layout_loops_ring, nicolae_gozag_cash_rules_everything_around_me,
          first_ration, trog_three_pillars_becter, uniq_crazy_yiuf_cottage
D:3:      layout_loops_cross, nicolae_overflow_crystal_walls
D:4:      layout_loops_corners, led_sif_pool, temple_doors_e, roderic_lattice_a,
          minmay_ogre_servants
D:5:      layout_loops_ring, gammafunk_ghost_gnarly_gnolls, minmay_liquid_box
D:6:      layout_layer_cave, tgw_xom, minmay_fountain_box,
          nemelex_dance_club_becter
D:7:      layout_rooms, kennysheep_little_box, grunt_temple_overflow_open,
          serial_shops, nicolae_shop_stone, grunt_livestock
D:8:      layout_loops_ring, kiku_gazebo_garden_becter, lair_entry_dummy,
          biasface_ghost_orc_armoury
D:9:      layout_gridville, nicolae_dithmenos_through_a_glass_darkly,
          grunt_temple_overflow_cloverleaf, david_orc_2
D:10:     layout_gridville, uniq_erolcha
D:11:     layout_long_grid, feat_on_display
D:12:     layout_basic, serial_shops, shop_fountains,
          einodemon_armed_red_devil_minivault, uniq_kirke
Lair:1:   layout_long_grid, grunt_megastairs_3
Lair:2:   layout_chaotic_city, minmay_snake_entry_guardpost_small, worms_lemuel
Lair:3:   layout_concentric_octagons, minmay_swamp_entry_reptiles,
          grunt_megastairs_1, serial_bayou_shore_a, uniq_prince_ribbit2
Lair:4:   layout_cave_pods, bobbens_ice_dragon_lair, grunt_megastairs_2,
          uniq_nergalle
Lair:5:   layout_cave_pods, slime_altar_1, st_stairs_7
Lair:6:   grunt_lair_end_beastmaster, layout_regular_city,
          hangedman_lair_generics_rect, infiniplex_staircase_pool_2,
          grunt_megastairs_4
Swamp:1:  layout_falls_marsh, portal_ice_cave_entry_pillars_three,
          evilmike_swamp_ruin_rubble_2
Orc:1:    layout_caves

Skill      XL: |  1  2  3  4  5  6  7  8  9 10 11 12 13 |
---------------+----------------------------------------+-----
Fighting       | 2 3 4 5 6 7 |  7.9
Stealth        | 3 4 5 |  5.7
Short Blades   | 1 2 3 4 5 |  5.1
Throwing       | 1 2 3 4 |  4.6
Armour         | 2 3 4 5 6 7 8 9 |  9.5
Dodging        | 2 3 4 |  4.7
Long Blades    | 3 6 9 11 13 | 13.7
Evocations     | 2 3 4 5 7 |  7.9
Crossbows      | |  1.7

Action                   |  1- 3 |  4- 6 |  7- 9 | 10-12 | 13-15 || total
-------------------------+-------+-------+-------+-------+-------++-------
Melee: Dagger            |   135 |   106 |   162 |       |       ||   403
       Falchion          |       |       |   219 |   780 |   362 ||  1361
Throw: Throwing net      |     1 |       |       |       |       ||     1
       Dart              |    29 |    34 |    20 |     1 |    31 ||   115
Evoke: Wand              |       |     1 |    12 |    24 |     8 ||    45
  Use: Scroll            |     5 |     8 |    15 |    13 |    11 ||    52
       Potion            |     1 |       |       |     2 |     7 ||    10
 Stab: Sleeping          |     3 |     5 |       |       |       ||     8
       Paralysed         |       |       |    10 |       |     3 ||    13
  Eat: Chunk             |     5 |     7 |    10 |    24 |     1 ||    47
       Ration            |       |       |     2 |     2 |     4 ||     8
Armor: Leather armour    |    41 |    18 |    11 |       |       ||    70
       Skin              |    12 |       |       |       |       ||    12
       Chain mail        |       |       |   160 |   344 |   220 ||   724
Dodge: Dodged            |    85 |    55 |   199 |   325 |   148 ||   812
       Rpst.: Falchion   |       |       |    33 |    92 |    30 ||   155

Table legend:
 A = Non-vault XP
 B = Vault XP
 C = Vault XP percentage of total XP
 D = Non-vault monster count
 E = Vault monster count
 F = Vault count percentage of total count
                 A         B        C        D         E       F
            +---------+---------+-------+---------+---------+-------
      Total |   43311 |   16483 |  27.6 |     357 |      73 |  17.0
            +---------+---------+-------+---------+---------+-------
        D:1 |      41 |       2 |   4.7 |      20 |       1 |   4.8
        D:2 |      74 |       0 |   0.0 |      15 |       0 |   0.0
        D:3 |      62 |       0 |   0.0 |      18 |       0 |   0.0
        D:4 |     231 |       0 |   0.0 |       9 |       0 |   0.0
        D:5 |     437 |       0 |   0.0 |      15 |       0 |   0.0
        D:6 |     328 |     152 |  31.7 |      15 |       4 |  21.1
        D:7 |    1342 |       0 |   0.0 |      22 |       0 |   0.0
        D:8 |    1792 |       0 |   0.0 |      25 |       0 |   0.0
        D:9 |    3427 |      21 |   0.6 |      41 |       7 |  14.6
       D:10 |    1747 |     985 |  36.1 |      18 |       1 |   5.3
       D:11 |    4329 |       0 |   0.0 |      37 |       0 |   0.0
       D:12 |    1919 |       0 |   0.0 |       4 |       0 |   0.0
     Lair:1 |    2826 |     153 |   5.1 |      16 |       1 |   5.9
     Lair:2 |    4616 |    2751 |  37.3 |      18 |      13 |  41.9
     Lair:3 |     981 |    1952 |  66.6 |       6 |      11 |  64.7
     Lair:4 |    6626 |    2715 |  29.1 |      20 |       9 |  31.0
     Lair:5 |    4694 |    1283 |  21.5 |      22 |       2 |   8.3
     Lair:6 |    7057 |    6094 |  46.3 |      26 |      22 |  45.8
    Swamp:1 |     641 |       0 |   0.0 |       2 |       0 |   0.0
      Orc:1 |     141 |       0 |   0.0 |       8 |       0 |   0.0
      IceCv |       0 |     375 | 100.0 |       0 |       2 | 100.0
            +---------+---------+-------+---------+---------+-------
